 Dungeon Crawl Stone Soup version 0.19-a0-1127-gac58878 (webtiles) character file.

63 epen the Ducker (level 3, -1/17 HPs)
             Began as a Felid Monk on Aug 12, 2016.
             Slain by an orc wizard
             ... wielding a +0 dagger
              (2 damage)
             ... on level 4 of the Dungeon.
             The game lasted 00:02:46 (2516 turns).

epen the Ducker (Felid Monk)                        Turns: 2516, Time: 00:02:47

Health: -1/17      AC:  1    Str: 11    XL:     3   Next: 87%
Magic:  3/4        EV: 21    Int: 11    God:
Gold:   176        SH:  0    Dex: 19    Spells: 0 memorised, 2 levels left
                                        Lives:  0   Deaths: 1

rFire  . . .     SeeInvis +       - Unarmed
rCold  . . .     Gourm    .     (armour unavailable)
rNeg   + + +     Faith    .     (shield unavailable)
rPois  .         Spirit   .     (helmet unavailable)
rElec  .         Dismiss  .     (cloak unavailable)
rCorr  .         Reflect  .     (gloves unavailable)
SustAt .         Harm     .     (boots unavailable)
MR     +....                    (no amulet)
Stlth  +++.......               (no ring)
                                n - ring "Meolefin" {*Confuse +Blink rN+++ MR+ Str+4}

@: quick
A: no armour, no weapons or thrown items, claws 1, fangs 3, see invisible,
carnivore 3, speed 1, shaggy fur 1, slow metabolism 1, sharp paws
a: Evoke Blink


You were on level 4 of the Dungeon.
You were full.

You visited 1 branch of the dungeon, and saw 4 of its levels.

You collected 176 gold pieces.

Inventory:

Jewellery
 n - the ring "Meolefin" (left paw) {*Confuse +Blink rN+++ MR+ Str+4}
   (You found it on level 4 of the Dungeon)

   [ring of strength]

   It affects your strength (+4).
   It renders you almost immune to negative energy.
   It affects your resistance to hostile enchantments.
   It lets you blink.
   It may confuse you when you take damage.
Wands
 o - a wand of lightning (4/15)
Scrolls
 b - 2 scrolls of fear {unknown}
 d - 3 scrolls of magic mapping {unknown}
 e - 4 scrolls of identify {unknown}
 f - 2 scrolls of teleportation {unknown}
 g - 3 scrolls of remove curse {unknown}
 h - a scroll of noise {unknown}
 j - a scroll of amnesia {unknown}
Potions
 c - 3 potions of curing
 k - a potion of berserk rage {unknown}
 l - a potion of might {unknown}
Comestibles
 a - a meat ration
 i - 2 slices of pizza
 m - 3 chunks of flesh


   Skills:
 + Level 3.6 Fighting
 + Level 4.9 Dodging
 + Level 3.8 Stealth
 * Level 4.3 Unarmed Combat


You had 2 spell levels left.
You didn't know any spells.

Dungeon Overview and Level Annotations

Branches:
Dungeon (4/15)
 Temple: D:4-7

Altars:


Innate Abilities, Weirdness & Mutations

You cannot wear armour.
You are incapable of wielding weapons or throwing items.
You have sharp claws.
You have razor-sharp teeth.
You have supernaturally acute eyesight. (SInv)
You are carnivorous and can eat meat at any time.
You cover ground quickly.
You are covered in fur. (AC +1)
You have a slow metabolism.
Your sharp claws are effective at attacking unaware monsters.


Message History

The orc wizard casts a spell at you. The magic dart hits you!
You scratch the orc wizard.
The orc wizard is moderately wounded.
The orc wizard closely misses you.
You scratch the orc wizard.
The orc wizard is heavily wounded.
The orc wizard gestures wildly while chanting.
The orc wizard blinks!
The orc wizard gestures at you while chanting.
The magic dart hits you!
* * * LOW HITPOINT WARNING * * *
You blink.
You feel slightly less full.
The orc wizard gestures wildly while chanting.
The orc wizard blinks!
You fail to use your ability.
You scratch the orc wizard.
The orc wizard is almost dead.
The orc wizard hits you with a dagger.
You die...

.....#.#.........#.#
..................#
...##..##......#.#
##..?.<.###.§.....#
#..)..........#.#.#
#)##.####...#)#.# ##
#.##.####...#.#.#
....##†##..........).#
#.........@o...#.>.#
#.###....####.##...# #
#...oo...†<<...##
#.###.[.......#.# #.#
#.###.##...## #.#
#.###.###.## #.#
#.#.....#.#
..#.###.#.#.#.#.#
................#


You could see an orc wizard.

Vanquished Creatures
  An iguana (D:4)
  4 adders (D:2)
  A worm (D:2)
  A dart slug (D:1)
  2 giant geckos
  7 orcs
  3 giant cockroaches
  6 goblins
  4 hobgoblins (D:1)
  8 kobolds
  A quokka (D:2)
  7 bats
  2 giant newts (D:2)
  8 rats
55 creatures vanquished.

Notes
Turn   | Place    | Note
-------+----------+-------------------------------------------
     0 | D:1      | epen the Felid Monk began the quest for the Orb.
     0 | D:1      | Reached XP level 1. HP: 10/10 MP: 2/2
   111 | D:1      | Reached XP level 2. HP: 10/14 MP: 3/3
   828 | D:2      | Reached XP level 3. HP: 13/17 MP: 4/4
  1340 | D:2      | Reached XP level 4. HP: 17/21 MP: 5/5
  2443 | D:4      | Got a wavering golden ring
  2444 | D:4      | Identified the ring "Meolefin" {*Confuse +Blink rN+++ MR+ Str+4} (You found it on level 4 of the Dungeon)
  2499 | D:4      | Killed from afar by an orc wizard
  2500 | D:4      | Reached XP level 3. HP: -1/17 MP: 4/4
  2516 | D:4      | Slain by an orc wizard

Vault maps used:
D:1:      minmay_arrival_shoal_huts
D:2:      first_bread
D:4:      cheibriados_altar_1, uniq_duvessa

Skill      XL: |  1  2  3  4 |
---------------+-------------+-----
Stealth        | 3 |  3.8
Unarmed Combat | 4 |  4.3
Fighting       | |  3.6
Dodging        | |  4.9

Action                   |  1- 3 |  4- 6 || total
-------------------------+-------+-------++-------
Melee: Unarmed           |    92 |    58 ||   150
       Bite              |     3 |     7 ||    10
       Punch             |     1 |       ||     1
 Abil: Evoke Blink       |     1 |       ||     1
  Use: Potion            |     1 |       ||     1
 Stab: Sleeping          |    11 |     7 ||    18
  Eat: Chunk             |    11 |     2 ||    13
Armor: Skin              |     3 |     3 ||     6
Dodge: Dodged            |    84 |    43 ||   127
